 Dungeon Sprint DCSS version 0.17-a0-1945-gfe993df (webtiles) character file.

123 hexophile the Chopper (level 4, -5/35 HPs)
             Began as a Mummy Fighter on Sept 30, 2015.
             Slain by a wolf (7 damage)
             ... in the Dungeon (Sprint V: "Ziggurat Sprint").
             The game lasted 00:01:32 (81 turns).

hexophile the Chopper (Mummy Fighter)                 Turns: 81, Time: 00:01:32

Health: -5/35      AC: 16    Str: 31    XL:     4   Next: 79%
Magic:  4/4        EV:  4    Int:  7    God:
Gold:   0          SH: 20    Dex: 12    Spells: 0 memorised, 3 levels left

rFire  x . .     SeeInvis .     e - +5 broad axe
rCold  + . .     Clarity  .     g - +5 storm dragon armour
rNeg   + + +     SustAt   .     a - +3 large shield
rPois  ∞         Gourm    .     (no helmet)
rElec  +         Spirit   .     (no cloak)
rCorr  .         Warding  .     (no gloves)
rMut   .         NoTele   +     (no boots)
MR     .....                    (no amulet)
Stlth  ..........               w - +6 ring of strength
                                v - +6 ring of strength

@: not resistant to hostile enchantments, extremely unstealthy
A: no food or potions, fire vulnerability, cold resistance 1, negative energy
resistance 3, torment resistance, unbreathing
a: no special abilities


You were in the Dungeon.
You were not hungry.

You visited 1 branch


Innate Abilities, Weirdness & Mutations

You do not eat or drink.
Your flesh is vulnerable to fire.
You are immune to poison.
Your flesh is cold resistant.
You are immune to negative energy.
You are immune to unholy pain and torment.
You can survive without breathing.

Inventory:

Hand weapons
 e - a +5 broad axe (weapon)
Armour
 a - a +3 large shield (worn)
 c - a +5 crystal plate armour
 f - a +5 fire dragon armour
 g - a +5 storm dragon armour (worn)
Jewellery
 v - a +6 ring of strength (left hand)
 w - a +6 ring of strength (right hand)
Magical devices
 n - a wand of disintegration (7)
 o - a wand of fire (5)
 p - a wand of cold (5)
 q - a wand of draining (4)
Scrolls
 d - 4 scrolls of blinking
 h - 4 scrolls of amnesia
 i - 3 scrolls of recharging
 j - 7 scrolls of fog
 k - 5 scrolls of identify
 l - 5 scrolls of remove curse
 m - 2 scrolls of fear
Miscellaneous
 x - a disc of storms


You had 3 spell levels left.
You didn't know any spells.


   Skills:
 - Level 3.0 Fighting
 * Level 6.7 Axes
 - Level 2.4 Armour
 + Level 5.2 Shields

Dungeon Overview and Level Annotations

Branches:
Dungeon (1/1)

Altars:
Ashenzari
Cheibriados
Dithmenos
Elyvilon
Fedhas
Gozag
Kikubaaqudgha
Makhleb
Nemelex Xobeh
Okawaru
Qazlal
Ru
Sif Muna
Trog
Vehumet
Xom
Yredelemnul
Zin
The Shining One
Beogh
Jiyva
Lugonu

Vault maps used:
D:        sprint_v

Vault maps used:
D:        sprint_v
You       could see a wolf.


Message History

You drop a +0 shield.
Items here: [[[[[[[
Okay, then.
c - a +5 crystal plate armour;
f - a +5 fire dragon armour
g - a +5 storm dragon armour Wear which item? (? for menu, Esc to quit)
You start removing your armour.
You continue taking off your +0 scale mail. x4
You finish taking off your +0 scale mail.
You start putting on your armour.
You continue putting on your +5 fire dragon armour. x5
You finish putting on your +5 fire dragon armour.
Wear which item? (? for menu, Esc to quit)
You start removing your armour.
You continue taking off your +5 fire dragon armour. x4
You finish taking off your +5 fire dragon armour.
You start putting on your armour.
You continue putting on your +5 storm dragon armour. x5
You finish putting on your +5 storm dragon armour.
Found six altars.
Things that are here:
42 fruits; 4 bread rations; 4 meat rations
h - 4 scrolls of amnesia;
i - 3 scrolls of recharging;
j - 7 scrolls of fog
k - 5 scrolls of identify;
l - 5 scrolls of remove curse;
m - 2 scrolls of fear
d - 4 scrolls of blinking (gained 3)
You see here a scroll of holy word.
Items here: !!!!!!!!!!!
You can't drink.
n - a wand of disintegration (7);
o - a wand of fire (5)
p - a wand of cold (5);
q - a wand of draining (5)
Things that are here:
an uncursed staff of energy; a crystal ball of energy
r - a +6 ring of dexterity;
s - a +6 ring of dexterity
t - a +6 ring of intelligence;
u - a +6 ring of intelligence
v - a +6 ring of strength;
w - a +6 ring of strength You see here an uncursed ring of flight.
You see here a disc of storms.
x - a disc of storms You see here an uncursed ring of flight.
Things that are here:
an uncursed staff of energy; a crystal ball of energy Put on which piece of jewellery? (? for menu, Esc to quit)
You can only put on jewellery.
Put on which piece of jewellery? (? for menu, Esc to quit)
You feel stronger.
v - a +6 ring of strength (left hand) Put on which piece of jewellery? (? for menu, Esc to quit)
You feel stronger.
w - a +6 ring of strength (right hand)
You spend a moment contemplating the meaning of unlife.
Unknown command.
Drop what? 24/52 slots (_ for help) (? for menu, Esc to quit)
You drop a +0 scale mail.
You drop a +6 ring of dexterity. x2
You drop a +6 ring of intelligence. x2
Your surroundings seem different!
Welcome to arena 1.
A wolf and a spriggan come into view.
The wolf howls!
The spriggan shouts!
Found a +2 robe of fire resistance and an uncursed staff of wizardry.
The wolf bites you! You block the spriggan's attack. The wolf bites you!
* * * LOW HITPOINT WARNING * * *
You are too injured to fight recklessly!
Unknown command.
You can't drink.
You barely miss the spriggan. You hit the wolf but do no damage.
You block the wolf's attack. You block the spriggan's attack.
The wolf bites you but does no damage.
The spriggan hits you but does no damage.
You block the wolf's attack.
Unknown command.
You hit the spriggan. You closely miss the wolf. You block the wolf's attack.
You block the wolf's attack. You block the spriggan's attack.
You block the wolf's attack. The spriggan hits you with a dagger.
* * * LOW HITPOINT WARNING * * *
Unknown command.
Aim: a spriggan, wielding a dagger and wearing a robe (lightly wounded)
The bolt of negative energy hits the spriggan.
The spriggan is drained!
This wand has 4 charges left.
You block the wolf's attack.
The spriggan hits you but does no damage.
Your shield and storm dragon armour prevent you from hitting the spriggan.
You slash the wolf! The wolf bites you but does no damage.
The wolf bites you but does no damage. You block the spriggan's attack.
You block the wolf's attack.
You hit the spriggan.
You kill the spriggan!
Your Axes skill gained 5 levels and is now at level 6!
Your Shields skill gained 3 levels and is now at level 5!
You have reached level 2!
You have reached level 3!
Your experience leads to an increase in your attributes!
Your base attributes are Str 19, Int 7, Dex 11.
Increase (S)trength, (I)ntelligence, or (D)exterity?
You feel agile.
You have reached level 4!
Your shield and storm dragon armour prevent you from hitting the wolf.
You block the wolf's attack. The wolf bites you.
* * * LOW HITPOINT WARNING * * *
The wolf bites you!
You die...

Action                   |  1- 3 |  4- 6 || total
-------------------------+-------+-------++-------
Melee: Broad axe         |     4 |       ||     4
Evoke: Wand              |     1 |       ||     1

Notes
Turn   | Place    | Note
--------------------------------------------------------------
     0 | D        | hexophile the Mummy Fighter began the quest for the Orb.
     0 | D        | Reached XP level 1. HP: 18/18 MP: 1/1
     0 | D        | Found an iron altar of Okawaru.
     0 | D        | Found a radiant altar of Vehumet.
     0 | D        | Found a burning altar of Makhleb.
     0 | D        | Found a shimmering altar of Xom.
     0 | D        | Found a deep blue altar of Sif Muna.
    44 | D        | Found a corrupted altar of Lugonu.
    44 | D        | Found a white marble altar of Elyvilon.
    44 | D        | Found a roughly hewn altar of Beogh.
    44 | D        | Found a sparkling altar of Nemelex Xobeh.
    44 | D        | Found a viscous altar of Jiyva.
    44 | D        | Found a bloodstained altar of Trog.
    75 | D        | Entered arena 1.
    75 | D        | Noticed a wolf
    75 | D        | Noticed a spriggan
    78 | D        | HP: 3/18 [spriggan/dagger (1)]
    81 | D        | Killed a spriggan
    81 | D        | Reached skill level 6 in Axes
    81 | D        | Reached skill level 5 in Shields
    81 | D        | Reached XP level 2. HP: 4/24 MP: 2/2
    81 | D        | Reached XP level 3. HP: 4/29 MP: 3/3
    81 | D        | Reached XP level 4. HP: 4/35 MP: 4/4
    81 | D        | Slain by a wolf

Table legend:
 A = Turns spent in this place as a percentage of turns spent in the entire game.
 B = Non-inter-level travel turns spent in this place as a percentage of non-inter-level travel turns spent in the entire game.
 C = Inter-level travel turns spent in this place as a percentage of turns spent in this place.
 D = Turns resting spent in this place as a percentage of non-inter-level travel turns spent in this place.
 E = Turns spent auto-exploring this place as a percentage of non-inter-level travel turns spent in this place.
 F = Non-inter-level travel turns spent in this place divided by the number of levels of this place that you've seen.
                   A       B       C       D       E      F
               +-------+-------+-------+-------+-------+----------------------
         Total | 100.0 | 100.0 |   0.0 |   0.0 |   0.0 |  64.0
       Dungeon | 100.0 | 100.0 |   0.0 |   0.0 |   0.0 |  64.0
               +-------+-------+-------+-------+-------+----------------------

Table legend:
 A = Kills in this place as a percentage of kills in entire the game.
 B = Kills by you in this place as a percentage of kills by you in the entire game.
 C = Kills by friends in this place as a percentage of kills by friends in the entire game.
 D = Other kills in this place as a percentage of other kills in the entire game.
 E = Experience gained in this place as a percentage of experience gained in the entire game.
 F = Experience gained in this place divided by the number of levels of this place that you have seen.
                   A       B       C       D       E      F
               +-------+-------+-------+-------+-------+----------------------
         Total | 100.0 | 100.0 |  -nan |  -nan | 100.0 | 176.0
       Dungeon | 100.0 | 100.0 |  -nan |  -nan | 100.0 | 176.0
               +-------+-------+-------+-------+-------+----------------------

Vanquished Creatures
  A spriggan (D)
1 creature vanquished.
